AoeStats
← BigGreen

Black Forest

508067827Analyzed
3v3 RM · 13d ago on Sep 20, 2026· 58m 35s· 6 players
Game mode
Random Map
Map size
Normal (6 player)
Population
200
Speed
Normal
Resources
Standard
Victory
Conquest
Starting age
Dark Age
Ending age
Imperial Age
RankedLock teamsTeams togetherTeam positionsShared explorationLock speedFull tech treeHidden civsTurbo modeCheats
Victory
Defeat
🇨🇱 Franks · Chile
718
+25
🇨🇱 Goths · Chile
706
+12
🇨🇱 Britons · Chile
624
+14
🇬🇧 Portuguese · United Kingdom
592
-12
🇺🇸 Spanish · United States
591
-12
🇬🇧 Portuguese · United Kingdom
570
-11
limetree1978
13:35 Feudal Age
15:23 Horse Collar
17:48 Double-Bit Axe
23:24 Castle Age
22:14 Stone Mining
24:11 Heavy Plow
31:41 Imperial Age
30:19 Wheelbarrow
30:00 Town Watch
30:40 Padded Archer Armor
30:35 Loom
32:21 Bow Saw
32:31 Scale Barding Armor
32:21 Gold Mining
33:28 Husbandry
33:40 Scale Mail Armor
35:24 Hand Cart
36:11 Fletching
35:56 Pikeman
38:08 Chemistry
37:53 Squires
38:44 Forging
38:29 Arson
38:51 Cavalier
41:59 Chain Barding Armor
41:55 Leather Archer Armor
41:27 Arrowslits
43:18 Hoardings
43:39 Ballistics
43:58 Plate Barding Armor
43:57 Coinage
43:53 Inquisition
45:31 Stone Shaft Mining
45:22 Chain Mail Armor
47:17 Plate Mail Armor
46:44 Bodkin Arrow
47:47 Halberdier
48:06 Man-at-Arms
48:31 Gambesons
49:53 Fortified Wall
50:15 Ring Archer Armor
49:45 Bracer
50:21 Iron Casting
49:55 Light Cavalry
50:46 Bloodlines
51:18 Long Swordsman
51:29 Capped Ram
52:55 Hussar
58:01 Conscription
BigGreen
0:48 Loom
13:44 Feudal Age
14:47 Double-Bit Axe
16:05 Horse Collar
18:40 Fletching
19:01 Gold Mining
25:38 Castle Age
25:19 Padded Archer Armor
26:30 Bow Saw
26:23 Heavy Plow
27:02 Wheelbarrow
25:56 Elite Skirmisher
26:43 Bodkin Arrow
27:36 Leather Archer Armor
28:25 Thumb Ring
30:59 Stone Mining
34:18 Town Watch
37:14 Imperial Age
39:53 Conscription
41:45 Town Watch
42:20 Hand Cart
46:31 Chemistry
45:40 Siege Engineers
46:31 Guilds
50:49 Ballistics
51:50 Onager
greninja88
0:28 Loom
15:37 Feudal Age
16:05 Double-Bit Axe
17:01 Gold Mining
17:05 Stone Mining
23:11 Town Watch
27:58 Castle Age
26:35 Wheelbarrow
36:36 Imperial Age
34:00 Fletching
34:21 Forging
34:18 Scale Barding Armor
34:13 Scale Mail Armor
34:15 Murder Holes
34:31 Fortified Wall
34:42 Ballistics
34:22 Murder Holes
34:47 Hand Cart
35:40 Horse Collar
35:45 Fishing Lines
37:44 Bodkin Arrow
38:24 Iron Casting
37:50 Padded Archer Armor
38:06 Chain Mail Armor
38:04 Town Patrol
40:47 Bow Saw
43:49 Conscription
43:29 Arquebus
44:38 Chemistry
43:44 Siege Engineers
43:43 Bracer
44:44 Blast Furnace
44:01 Leather Archer Armor
44:16 Plate Mail Armor
45:13 Elite Organ Gun
45:23 Pikeman
45:50 Elite Skirmisher
48:11 Ring Archer Armor
Sanzana1
8:29 Loom
10:51 Feudal Age
12:07 Wheelbarrow
11:20 Double-Bit Axe
11:18 Horse Collar
12:35 Gold Mining
15:34 Stone Mining
22:58 Castle Age
21:52 Padded Archer Armor
21:42 Fletching
24:15 Hand Cart
24:30 Heavy Plow
24:50 Bow Saw
25:18 Gold Shaft Mining
26:36 Crossbowman
27:47 Ballistics
28:06 Scale Mail Armor
28:19 Arson
29:22 Leather Archer Armor
29:03 Bodkin Arrow
30:16 Yeomen
35:14 Imperial Age
35:03 Bodkin Arrow
35:36 Arbalester
37:53 Chemistry
38:08 Warwolf
39:12 Elite Longbowman
42:14 Ring Archer Armor
41:45 Bracer
43:25 Pikeman
44:25 Chain Mail Armor
44:20 Forging
46:23 Halberdier
56:41 Onager
Seba013009
2:10 Loom
14:00 Feudal Age
15:29 Wheelbarrow
17:03 Double-Bit Axe
18:02 Man-at-Arms
19:53 Horse Collar
20:27 Forging
20:18 Scale Mail Armor
22:23 Gold Mining
23:40 Fletching
23:56 Scale Barding Armor
26:18 Castle Age
24:55 Stone Mining
28:40 Stone Shaft Mining
28:34 Long Swordsman
29:17 Squires
28:41 Crossbowman
30:02 Iron Casting
29:43 Chain Mail Armor
31:33 Anarchy
36:05 Chain Barding Armor
35:45 Padded Archer Armor
35:41 Bodkin Arrow
38:29 Hand Cart
42:38 Imperial Age
43:20 Two-Handed Swordsman
43:55 Capped Ram
45:18 Town Watch
46:42 Blast Furnace
45:44 Bracer
46:00 Leather Archer Armor
47:21 Elite Huskarl
Sok
12:28 Feudal Age
13:11 Double-Bit Axe
18:44 Scale Barding Armor
23:04 Forging
28:16 Castle Age
27:52 Gold Mining
31:00 Gold Shaft Mining
30:50 Stone Mining
31:28 Chain Barding Armor
31:44 Iron Casting
31:22 Caravan
32:03 Coinage
31:21 Light Cavalry
33:34 Bow Saw
33:52 Husbandry
44:16 Sanctity
44:28 Masonry
51:54 Imperial Age
50:04 Wheelbarrow
53:43 Blast Furnace
53:19 Plate Barding Armor
55:02 Cavalier
Connection lost

Rejoining the realm…

Still unreachable

The connection could not be restored.

Session expired

The server has moved on; the page needs a fresh start.